 Dungeon Crawl Stone Soup version 0.15-a0-179-gb770d62 (webtiles) character file.

5535 MackTheKnife the Fighter (level 10, -1/93 HPs)
             Began as a Demigod Wanderer on Apr 19, 2014.
             Slain by a killer bee (4 damage)
             ... on Level 9 of the Dungeon.
             The game lasted 00:22:22 (9197 turns).

MackTheKnife the Fighter (Demigod Wanderer)         Turns: 9197, Time: 00:22:22

HP  -1/93        AC 12     Str 15 (18) XL: 10   Next: 12%
MP   0/17        EV 16     Int 19      God:
Gold 376         SH  0     Dex 25      Spells:  0 memorised,  9 levels left

rFire  . . .     SeeInvis .     v - +2,+1 quarterstaff (chaos)
rCold  . . .     Clarity  .     A - +1 scale mail {rPois}
rNeg   . . .     Conserve .     (no shield)
rPois  +         rCorr    .     i - +0 helmet
rElec  .         rRot     .     D - -1 cloak
SustAb . .       Spirit   +     L - +2 pair of gloves
rMut   .         Warding  .     (no boots)
Saprov . . .     Stasis   .     y - amulet of guardian spirit
MR     +....                    (no ring)
                                o - ring of wizardry

@: mighty, agile, very slightly contaminated, hasted, very quick, somewhat
resistant to hostile enchantments, unstealthy
A: weak 1
a: no special abilities


You were on level 9 of the Dungeon.
You were not hungry.

You visited 1 branch of the dungeon, and saw 9 of its levels.

You collected 460 gold pieces.
You spent 84 gold pieces at shops.


Innate Abilities, Weirdness & Mutations

You are weak. (Str -2)


   Skills:
 - Level 10.0 Fighting
   Level 2.0 Axes
 - Level 6.6 Maces & Flails
 - Level 6.5 Staves
 - Level 1.0 Throwing
 - Level 2.6 Armour
 + Level 6.8 Dodging
   Level 1.0 Shields


You had 9 spell levels left.
You didn't know any spells.

Inventory:

Hand weapons
 v - a +2,+1 quarterstaff of chaos (weapon)
 C - a +1,+0 whip of freezing
Missiles
 B - 9 poisoned bolts
 H - 14 bolts
Armour
 i - a +0 helmet (worn)
 A - a +1 scale mail of poison resistance (worn)
 D - a -1 cloak (worn)
 L - a +2 pair of gloves (worn)
Magical devices
 n - a wand of enslavement (12)
 q - a wand of lightning (6)
Comestibles
 a - 2 chokos
 d - 5 meat rations
 f - 7 bread rations
 h - a banana
 k - a beef jerky
 s - a pear
 z - an orange
Scrolls
 b - 2 scrolls of remove curse
 e - a scroll of magic mapping
 u - a scroll of enchant weapon I
 F - 2 scrolls of identify
Jewellery
 o - a ring of wizardry (left hand)
 x - an uncursed amulet of rage
 y - an amulet of guardian spirit (around neck)
 E - an uncursed amulet of conservation
Potions
 g - 2 potions of magic
 m - 3 potions of curing
 r - a potion of resistance
 G - a potion of might
Books
 c - a book of Battle

   Spells                             Type                      Level
   Infusion                           Charms                       1
   Shroud of Golubria                 Charms/Translocation         2
   Song of Slaying                    Charms                       2
   Spectral Weapon                    Hexes/Charms                 3
   Regeneration                       Charms/Necromancy            3
 j - a book of Cantrips

   Spells                             Type                      Level
   Confusing Touch                    Hexes                        1
   Animate Skeleton                   Necromancy                   1
   Summon Small Mammal                Summoning                    1
   Apportation                        Translocation                1

··· ·········
··········· ·
··▒··▒····· ···
····}······
················
·····▒?(▒·······▒
········)········▒·
·······p@k·······▒·▒▒
·········(······▒▒··▒
··············▒▒···▒
▒········(···▒▒····▒
▒▒·······(··▒▒·····▒
▒▒·······(▒▒······▒
···▒▒▒▒''▒▒▒▒·······▒
········%···········▒
·········▒▒▒▒▒······▒


You could see a killer bee and casual's ghost.


Message History

Casual's ghost hits you.
* * * LOW HITPOINT WARNING * * *
Drink which item? (? for menu, Esc to quit)
You suddenly lose the ability to move!
It was a potion of paralysis.
Casual's ghost hits you but does no damage.
Casual's ghost hits you!
* * * LOW HITPOINT WARNING * * *
Casual's ghost hits you.
* * * LOW HITPOINT WARNING * * *
Casual's ghost completely misses you.
Casual's ghost makes a sound of rattling chains.
Casual's ghost completely misses you.
You can move again.
Drink which item? (? for menu, Esc to quit)
You feel extremely strange.
You feel less energetic.
You feel more energetic.
You feel weaker.
It was a potion of mutation.
The killer bee closely misses you.
Casual's ghost says, "Ah, a second chance to prove myself in battle!"
Casual's ghost hits you.
* * * LOW HITPOINT WARNING * * *
Drink which item? (? for menu, Esc to quit)
There was something very wrong with that liquid!
You feel weakened.
It was a potion of degeneration.
The killer bee misses you.
The killer bee stings you but does no damage.
Casual's ghost hits you but does no damage.
Drink which item? (? for menu, Esc to quit)
You feel slightly nauseous.
It was a potion of poison.
The killer bee stings you.
You die...

Action                   |  1- 3 |  4- 6 |  7- 9 | 10-12 || total
-------------------------+-------+-------+-------+-------++-------
Melee: Spear             |    55 |       |       |       ||    55
       Short sword       |    30 |       |       |       ||    30
       War axe           |    76 |       |       |       ||    76
       Mace              |     3 |       |       |       ||     3
       Quarterstaff      |       |    84 |   524 |    25 ||   633
       Whip              |       |       |   215 |       ||   215
Evoke: Wand              |       |       |     3 |       ||     3
  Use: Scroll            |       |     6 |    11 |       ||    17
       Potion            |       |     1 |    11 |     4 ||    16
 Stab: Invisible         |       |       |     5 |       ||     5
       Paralysed         |       |       |     7 |       ||     7
       Petrifying        |       |       |     2 |       ||     2
       Confused          |       |       |     3 |       ||     3
       Petrified         |       |       |     2 |       ||     2

Vault maps used:
D:1:      shiori_arrival_oz
D:2:      kennysheep_another_room, uniq_jessica
D:3:      first_bread, uniq_crazy_yiuf_cottage
D:4:      serial_shops, shop_statue, uniq_pikel
D:5:      serial_shops, shop, kennysheep_generic_room_5
D:6:      uniq_sigmund, uniq_duvessa, uniq_edmund
D:7:      minmay_temple_entry_statues_fountains, the_bakery,
          grunt_ministairs_10, minmay_strange_pillars, uniq_menkaure
D:8:      basic_altar
D:9:      kennysheep_big_flooded_room, erik_orc_3,
          grunt_lair_entry_elf_guard_hut

Notes
Turn   | Place    | Note
--------------------------------------------------------------
     0 | D:1      | MackTheKnife, the Demigod Wanderer, began the quest for the Orb.
     0 | D:1      | Reached XP level 1. HP: 22/22 MP: 2/2
   215 | D:1      | Reached XP level 2. HP: 26/28 MP: 3/3
   225 | D:1      | Reached skill level 5 in Fighting
  1043 | D:2      | Reached XP level 3. HP: 36/36 MP: 5/5
  1270 | D:2      | Noticed Jessica
  1279 | D:2      | Killed Jessica
  1279 | D:2      | Reached skill level 1 in Axes
  1727 | D:3      | Reached skill level 2 in Axes
  1787 | D:3      | Noticed Crazy Yiuf
  1801 | D:3      | Killed Crazy Yiuf
  1801 | D:3      | Reached XP level 4. HP: 33/42 MP: 7/7
  2027 | D:3      | Reached skill level 1 in Staves
  2188 | D:4      | Reached skill level 2 in Staves
  2199 | D:4      | Noticed an ogre
  2214 | D:4      | Killed an ogre
  2214 | D:4      | Reached skill level 3 in Staves
  2214 | D:4      | Reached XP level 5. HP: 12/48 MP: 3/8
  2688 | D:4      | Found Guskuw's General Store.
  2698 | D:4      | Bought 2 potions of curing for 52 gold pieces
  2698 | D:4      | Bought a potion of might for 32 gold pieces
  2726 | D:4      | Reached skill level 4 in Staves
  2726 | D:4      | Reached XP level 6. HP: 56/56 MP: 10/10
  2787 | D:4      | Noticed a slave
  2788 | D:4      | Noticed Pikel
  2788 | D:4      | Noticed a slave
  2789 | D:4      | Noticed a slave
  2791 | D:4      | Noticed a slave
  2799 | D:4      | Killed Pikel
  2799 | D:4      | Reached skill level 6 in Staves
  2799 | D:4      | Reached XP level 7. HP: 47/61 MP: 10/12
  2885 | D:4      | Reached skill level 1 in Maces & Flails
  3074 | D:4      | Reached skill level 2 in Maces & Flails
  3154 | D:5      | Entered Level 5 of the Dungeon
  3454 | D:5      | Found Coataina's Gadget Boutique.
  3547 | D:6      | Noticed Sigmund
  3573 | D:6      | Killed Sigmund
  3573 | D:6      | Reached skill level 3 in Maces & Flails
  3591 | D:6      | Noticed Duvessa
  3753 | D:6      | Noticed Edmund
  3783 | D:6      | Killed Edmund
  3783 | D:6      | Reached skill level 5 in Maces & Flails
  3975 | D:5      | Reached skill level 6 in Maces & Flails
  3975 | D:5      | Reached XP level 8. HP: 26/69 MP: 3/13
  4388 | D:5      | Reached skill level 6 in Fighting
  4979 | D:6      | Noticed Dowan
  4993 | D:6      | Killed Dowan
  4998 | D:6      | Your ally Dowan died
  5014 | D:6      | Killed Duvessa
  5014 | D:6      | Reached skill level 7 in Fighting
  6003 | D:7      | Noticed Menkaure
  6008 | D:7      | Killed Menkaure
  6008 | D:7      | Reached skill level 8 in Fighting
  6232 | D:7      | Found a staircase to the Ecumenical Temple.
  6317 | D:7      | Reached XP level 9. HP: 62/82 MP: 12/15
  6592 | D:7      | Reached skill level 9 in Fighting
  6592 | D:7      | Reached skill level 1 in Dodging
  6766 | D:7      | Reached skill level 2 in Dodging
  7513 | D:8      | Reached skill level 3 in Dodging
  7590 | D:8      | Found a blossoming altar of Fedhas.
  8057 | D:8      | Reached skill level 4 in Dodging
  8555 | D:9      | Reached skill level 10 in Fighting
  8608 | D:9      | Reached skill level 5 in Dodging
  9150 | D:9      | Noticed a centaur warrior
  9153 | D:9      | Noticed casual's ghost (powerful MfTm)
  9163 | D:9      | Killed a centaur warrior
  9163 | D:9      | Reached skill level 6 in Dodging
  9163 | D:9      | Reached XP level 10. HP: 43/93 MP: 10/17
  9189 | D:9      | Paralysed by a potion of paralysis for 5 turns
  9191 | D:9      | HP: 7/93 [casual's ghost (5)]
  9192 | D:9      | HP: 3/93 [casual's ghost (4)]
  9195 | D:9      | Gained mutation: Your magical capacity is low (-10% MP). [potion of mutation]
  9195 | D:9      | Lost mutation: Your magical capacity is low (-10% MP). [potion of mutation]
  9195 | D:9      | Gained mutation: You are weak. (Str -2) [potion of mutation]
  9197 | D:9      | Slain by a killer bee

Vanquished Creatures
  A centaur warrior (D:9)
  Pikel (D:4)
  A yak (D:9)
  A wyvern (D:9)
  2 hippogriffs
  2 hungry ghosts
  A spriggan (D:7)
  A steam dragon (D:7)
  Menkaure (D:7)
  A wyvern (shapeshifter) (D:9)
  Edmund (D:6)
  3 orc warriors
  A phantom (D:5)
  5 centaurs
  2 ogres
  Sigmund (D:6)
  A big kobold (D:8)
  2 giant frogs
  4 jellies
  2 killer bees (D:9)
  3 scorpions
  A hippogriff skeleton (D:9)
  Duvessa (D:6)
  A crimson imp (D:5)
  Dowan (D:6)
  A black bear zombie (D:9)
  2 goliath beetles
  5 hounds
  4 orc priests
  Crazy Yiuf (D:3)
  7 orc wizards
  A centaur skeleton (D:4)
  3 iguanas
  2 worker ants
  A killer bee zombie (D:7)
  Jessica (D:2)
  An ogre zombie (D:9)
  A gnoll zombie (D:5)
  2 orc zombies (D:5)
  A worker ant zombie (D:5)
  7 adders
  A green rat (D:9)
  An orc skeleton (D:7)
  A shadow imp (D:5)
  A goliath beetle zombie (D:5)
  A worm (D:4)
  An adder skeleton (D:4)
  7 giant geckos
  An ooze (D:3)
  23 orcs
  A ball python (D:4)
  20 bats
  5 giant cockroaches
  8 goblins
  10 hobgoblins
  10 jackals
  A quokka (D:9)
  5 giant newts
  A hobgoblin zombie (D:5)
  18 kobolds
  3 kobold skeletons
  A quokka skeleton (D:7)
  19 rats
  A rat skeleton (D:4)
  A fungus (D:3)
222 creatures vanquished.

Vanquished Creatures (collateral kills)
  A goliath beetle (D:6)
  A bat (D:9)
2 creatures vanquished.

Vanquished Creatures (others)
  An elf zombie (D:6)
  3 orcs (D:5)
  A bat (D:5)
  A kobold (D:1)
  2 rat zombies
  A plant (D:9)
9 creatures vanquished.

Grand Total: 233 creatures vanquished
